Map: Rhoskallian LE

Players

CONFIRM - Winner!

  • Race: Protoss Protoss
  • Spawn Location: 11:00

STALKER - Winner!

  • Race: Zerg Zerg
  • Spawn Location: 12:00

Massa

  • Race: Terran Terran
  • League: Gold
  • Spawn Location: 5:00

qqq

  • Race: Zerg Zerg
  • Spawn Location: 6:00

VOD

Have the link to the VOD?

Description

Time

  • Played on: June 22, 2020, 2:08 p.m.
  • Length: 12:44
Show
View Real Time Build Order
Export as new Build Order

CONFIRM Protoss - Winner!

Build Orders:  

Get SALT Encoding   

  1  0:00  Probe  
  12  0:05  Probe  
  14  0:20  Pylon  
  14  0:23  Probe  
  15  0:46  Gateway  
  15  0:48  Probe  
  16  0:55  Assimilator  
  16  1:05  Probe  
  17  1:21  Probe  
  18  1:33  Probe  
  18  1:34  Cybernetics Core  
  19  1:45  Probe  
  20  1:57  Probe  
  20  1:59  Nexus  
  20  2:00  Warp Gate  
  21  2:07  Probe  
  21  2:08  Assimilator  
  22  2:15  Probe  
  23  2:23  Pylon  
  23  2:41  Stalker, Probe  
  26  2:46  Gateway  
  26  2:48  Gateway  
  26  3:00  Probe  
  27  3:10  Probe  
  27  3:11  Stalker  
  30  3:14  Probe  
  30  3:18  Probe  
  31  3:22  Probe  
  31  3:23  Pylon  
  31  3:26  Probe  
  33  3:29  Pylon  
  34  3:38  Twilight Council  
  34  3:42  Probe x2  
  36  3:55  Probe x2  
  38  4:00  Stalker x2  
  42  4:03  Stalker  
  44  4:14  Blink  
  44  4:15  Probe x2  
  46  4:22  Assimilator  
  46  4:25  Assimilator  
  46  4:27  Probe x2  
  46  4:30  Stalker  
  50  4:33  Stalker  
  50  4:38  Stalker  
  54  4:41  Probe  
  54  4:44  Probe  
  56  4:56  Probe  
  57  5:03  Gateway x2  
  57  5:06  Gateway  
  57  5:08  Probe  
  57  5:12  Stalker  
  60  5:15  Stalker  
  62  5:22  Robotics Facility  
  62  5:30  Pylon  
  62  5:48  Probe  
  62  5:49  Pylon  
  63  5:51  Pylon  
  63  6:00  Probe  
  63  6:01  Stalker x3  
  70  6:09  Stalker x3  
  76  6:15  Immortal  
  80  6:24  Shield Battery x2  
  80  6:27  Shield Battery  
  80  6:53  Forge x2  
  80  6:55  Stalker  
  80  6:56  Stalker x2  
  86  7:45  Protoss Ground Armor Level 1, Protoss Ground Weapons Level 1  
  86  8:19  Pylon  
  86  8:20  Pylon  
  86  8:22  Pylon  
  86  8:24  Pylon  
  86  8:27  Immortal  
  86  8:30  Pylon  
  90  8:42  Stalker  
  90  8:43  Stalker x5  
  102  9:04  Immortal  
  102  9:08  Pylon  
  106  9:10  Stalker x2  
  106  9:11  Stalker x4  
  106  9:15  Nexus  
  118  9:28  Gateway  
  118  9:29  Gateway  
  118  9:31  Gateway  
  118  9:33  Gateway  
  118  9:35  Gateway  
  118  9:36  Gateway  
  118  9:37  Stalker x5  
  118  9:38  Stalker  
  124  10:19  Stalker x4  
  124  10:20  Stalker  
  134  10:48  Stalker x2  
  134  10:49  Stalker x4  
  76  11:45  Stalker x6  
  76  11:46  Stalker x4  
  76  11:47  Stalker  
  94  11:51  Stalker  
  96  11:59  Probe  
  96  12:07  Probe  
  98  12:17  Probe  
  98  12:19  Stalker x3  
  105  12:23  Stalker  
  105  12:29  Probe  
  108  12:30  Stalker  
  108  12:31  Stalker  
Show
View Real Time Build Order
Export as new Build Order

STALKER Zerg - Winner!

Build Orders: Hatch First 

Get SALT Encoding   

  12  0:01  Drone  
  13  0:13  Overlord  
  13  0:18  Drone  
  14  0:32  Drone  
  14  0:33  Drone  
  16  0:51  Hatchery  
  16  0:55  Drone  
  16  1:02  Drone  
  17  1:14  Extractor  
  17  1:16  Spawning Pool  
  17  1:17  Drone  
  16  1:22  Drone  
  16  1:25  Drone  
  18  1:36  Drone  
  19  1:48  Drone  
  20  2:03  Drone  
  20  2:04  Queen x2  
  20  2:06  Overlord  
  25  2:20  Drone x2  
  27  2:37  Metabolic Boost  
  27  2:40  Queen  
  29  2:51  Overlord  
  29  2:53  Hatchery  
  29  2:54  Overlord  
  28  3:15  Drone  
  28  3:16  Drone x5  
  34  3:28  Lair  
  34  3:33  Roach Warren  
  33  3:34  Extractor  
  33  3:35  Drone, Extractor  
  32  3:47  Zergling x8  
  36  3:56  Zergling x10  
  41  4:10  Zergling x8  
  41  4:15  Overlord  
  45  4:31  Overlord  
  42  5:01  Drone  
  42  5:02  Drone x10  
  42  5:04  Glial Reconstitution  
  46  5:21  Drone  
  46  5:22  Drone x2  
  46  5:23  Drone x3  
  52  5:28  Queen  
  54  5:37  Drone  
  54  5:38  Drone x5  
  60  5:59  Drone x2  
  60  6:00  Drone x2  
  60  6:03  Roach  
  66  6:05  Overlord  
  66  6:06  Overlord x2  
  66  6:29  Roach x5  
  66  6:30  Roach x4, Overlord x3  
  84  6:48  Roach x3  
  84  6:49  Roach  
  84  6:50  Roach  
  84  6:51  Overlord  
  94  6:58  Overlord x5  
  94  7:07  Ravager  
  94  7:08  Ravager x9  
  104  7:21  Roach  
  104  7:22  Roach x8  
  122  7:27  Extractor x2  
  120  7:43  Roach x5  
  120  7:44  Roach x5  
  138  7:53  Roach x2  
  142  8:08  Drone x2  
  142  8:09  Drone, Extractor  
  142  8:12  Hatchery  
  143  8:15  Drone x3  
  143  8:17  Drone x3  
  143  8:18  Drone x3  
  152  8:37  Roach  
  152  8:38  Overlord  
  152  8:39  Overlord x4  
  156  9:10  Roach x10  
  156  9:11  Roach x5  
  184  9:19  Overlord x2  
  184  9:20  Overlord  
  184  9:22  Overlord x4  
  184  9:27  Pneumatized Carapace  
  184  9:29  Queen  
  186  9:33  Ravager x3  
  186  9:34  Ravager x11  
  200  10:04  Spore Crawler  
  200  10:05  Spore Crawler  
  200  10:06  Spore Crawler  
  196  10:09  Spore Crawler x3  
  181  10:35  Hydralisk Den  
  169  11:08  Hydralisk x8  
  169  11:09  Hydralisk x8  
  150  11:42  Roach x3  
  150  11:43  Roach x9  
  150  11:45  Roach  
  150  11:46  Roach x7  
  150  11:47  Queen  
  149  12:11  Roach x11  
Show
View Real Time Build Order
Export as new Build Order

Massa Terran 

Build Orders:  

Get SALT Encoding   

  12  0:10  SCV  
  13  0:19  Supply Depot  
  13  0:22  SCV  
  14  0:34  SCV  
  15  0:42  Barracks  
  15  0:47  SCV  
  16  0:59  SCV  
  17  1:12  SCV  
  18  1:24  SCV  
  19  1:36  SCV  
  19  1:37  Marine  
  21  1:44  Supply Depot  
  21  1:45  Command Center  
  21  1:48  SCV  
  22  2:07  Marine  
  23  2:16  Barracks  
  24  2:23  Refinery  
  24  2:25  Refinery  
  24  2:27  Orbital Command  
  23  2:36  Marine  
  24  2:45  Supply Depot  
  24  2:54  Marine  
  24  2:57  SCV  
  26  3:06  Orbital Command  
  26  3:09  SCV  
  27  3:20  Factory  
  27  3:21  SCV  
  27  3:25  Engineering Bay  
  28  3:33  SCV x2  
  30  3:45  SCV x2  
  32  3:55  Barracks Tech Lab  
  32  3:57  SCV x2  
  34  4:03  Barracks Reactor  
  34  4:09  SCV  
  36  4:10  SCV  
  36  4:12  Factory Tech Lab  
  36  4:20  Missile Turret  
  36  4:21  Terran Infantry Weapons Level 1, SCV  
  36  4:22  SCV  
  38  4:27  Command Center  
  38  4:28  Missile Turret  
  38  4:32  Marauder  
  38  4:33  SCV  
  38  4:37  Siege Tank  
  44  4:53  Marauder  
  44  4:55  Marine x2  
  48  5:09  Barracks  
  48  5:12  Siege Tank  
  48  5:13  Marine x2  
  53  5:31  Supply Depot, Marine  
  53  5:32  Supply Depot  
  53  5:33  Supply Depot  
  53  5:35  Supply Depot  
  54  5:36  Factory  
  54  5:38  Marauder, Marine  
  57  5:44  Refinery  
  57  5:45  SCV  
  57  5:46  SCV  
  59  5:55  Supply Depot  
  59  5:57  Starport, SCV  
  59  5:58  SCV  
  59  6:00  Marauder  
  59  6:01  Starport  
  63  6:09  SCV  
  63  6:10  SCV  
  66  6:15  Orbital Command  
  65  6:21  Marauder  
  65  6:22  SCV x2  
  69  6:30  Barracks Tech Lab  
  69  6:32  Stimpack  
  69  6:33  Factory Tech Lab  
  69  6:34  SCV x2  
  71  6:40  Barracks  
  71  6:45  Marauder  
  71  6:46  Marine x2  
  75  6:49  SCV x3  
  78  7:01  SCV x3  
  81  7:02  Marauder  
  81  7:04  Marine x2  
  81  7:07  Concussive Shells, Marauder  
  87  7:13  Refinery, SCV x3  
  90  7:19  Terran Infantry Armor Level 1  
  90  7:21  Marine  
  90  7:22  Marine  
  92  7:23  Marauder  
  92  7:25  SCV x3  
  92  7:28  Marauder  
  99  7:39  Marine x2  
  101  7:44  Marauder  
  101  7:49  Marauder  
  101  7:51  Marine  
  106  7:52  Medivac  
  106  7:57  Marine  
  109  8:02  Supply Depot  
  109  8:03  Supply Depot  
  109  8:05  Supply Depot  
  109  8:06  Armory  
  109  8:19  Refinery  
  109  8:24  SCV x3, Marauder, Medivac  
  109  8:25  Marauder  
  118  8:27  Supply Depot  
  118  8:28  Command Center  
  118  8:29  Supply Depot x2  
  118  8:32  Medivac  
  120  8:36  SCV x3  
  123  8:44  Combat Shield  
  123  8:46  Marauder x2  
  130  8:48  SCV x3  
  130  8:52  Supply Depot  
  130  8:53  Supply Depot  
  130  8:54  Medivac, Engineering Bay  
  132  8:56  Siege Tank  
  132  9:00  SCV x3  
  132  9:01  Medivac  
  140  9:12  Factory, SCV x3  
  143  9:24  Medivac  
  145  9:31  Medivac  
  145  9:33  Refinery  
  145  9:36  Refinery  
  147  9:39  Refinery  
  147  9:56  Thor x2  
  159  10:00  Supply Depot, Marauder x2  
  159  10:01  Marine x2  
  159  10:06  Barracks Tech Lab  
  165  10:18  Missile Turret  
  165  10:19  Marine x2, Planetary Fortress  
  167  10:22  Supply Depot, Marauder x2  
  171  10:35  Starport Reactor  
  171  10:36  Marine, Starport Reactor  
  171  10:37  Marine  
  173  10:42  Marine  
  173  10:43  Marauder  
  173  10:46  Supply Depot  
  176  10:54  Marine  
  176  10:55  Marine  
  178  11:00  Marine  
  178  11:04  Marine  
  177  11:08  Supply Depot  
  177  11:09  Marauder  
  180  11:12  Marine x2  
  180  11:18  Marine  
  175  11:22  Marauder  
  130  11:30  Marauder, Marine x2  
  130  11:31  Supply Depot, Barracks  
  115  11:33  Barracks x2  
  115  11:35  Barracks x2  
  115  11:36  Marauder  
  113  11:40  Thor x2  
  113  11:44  Marauder  
  127  11:48  Marine x2  
  127  11:52  Marauder  
  129  11:55  Supply Depot  
  129  11:58  Marauder  
  131  12:05  Marauder, Marine  
  131  12:06  Marine  
  131  12:13  Marauder  
  125  12:19  Marauder  
  117  12:22  Marine  
  117  12:23  Marine x5  
  117  12:24  Marine  
Show
View Real Time Build Order
Export as new Build Order

qqq Zerg 

Build Orders: Hatch First 

Get SALT Encoding   

  12  0:06  Drone  
  13  0:09  Drone  
  14  0:38  Hatchery  
  13  0:53  Spawning Pool  
  12  1:11  Extractor  
  12  1:12  Overlord  
  12  1:13  Drone x2  
  13  1:30  Drone  
  14  1:51  Drone  
  14  1:53  Drone  
  16  2:04  Drone  
  16  2:05  Drone  
  16  2:08  Hatchery  
  17  2:09  Drone  
  18  2:18  Drone  
  18  2:21  Drone  
  21  2:22  Drone  
  21  2:36  Drone  
  23  2:37  Drone  
  23  2:38  Zergling x2  
  23  2:40  Metabolic Boost  
  24  2:46  Overlord  
  24  2:48  Zergling x2  
  25  2:51  Zergling x2  
  26  3:10  Drone x2  
  26  3:11  Zergling x4  
  30  3:16  Roach Warren  
  29  3:21  Lair  
  29  3:23  Drone  
  29  3:24  Drone  
  31  3:27  Zergling x2  
  32  3:35  Queen  
  32  3:37  Drone  
  32  3:40  Drone  
  36  3:42  Drone  
  36  3:45  Zergling x2  
  36  3:47  Zergling x2  
  39  3:59  Zergling x2  
  39  4:12  Roach  
  39  4:15  Overlord  
  41  4:17  Overlord x2  
  41  4:50  Roach, Zergling x4  
  41  4:51  Drone x5  
  46  5:04  Roach  
  46  5:06  Roach x4  
  50  5:24  Spine Crawler  
  50  5:26  Drone x2  
  50  5:27  Spine Crawler, Roach  
  54  5:28  Roach  
  54  5:35  Nydus Network, Drone  
  54  5:36  Queen, Extractor  
  54  5:38  Queen  
  54  5:39  Drone  
  58  5:47  Drone x3  
  58  5:49  Extractor  
  60  5:51  Extractor  
  60  5:52  Hatchery  
  60  5:56  Zergling x2  
  59  6:00  Drone  
  59  6:03  Hatchery  
  59  6:10  Drone x3  
  62  6:18  Drone x4  
  66  6:33  Pneumatized Carapace  
  66  6:42  Spire  
  66  6:43  Drone  
  66  6:44  Overlord x2  
  66  7:04  Overlord  
  66  7:05  Roach x3  
  66  7:06  Roach x2, Drone x2  
  78  7:17  Spore Crawler  
  77  7:23  Spore Crawler  
  69  7:31  Roach x3  
  69  7:32  Roach x3  
  69  7:33  Roach x5  
  91  7:37  Glial Reconstitution  
  86  8:07  Overlord x3  
  86  8:14  Overlord  
  86  8:15  Overlord  
  86  8:25  Queen  
  88  8:32  Overlord x2  
  88  8:34  Mutalisk x6  
  88  8:35  Mutalisk  
  88  8:36  Zergling x6  
  105  8:53  Overseer  
  105  9:06  Drone  
  105  9:07  Drone x4  
  105  9:08  Drone x7  
  117  9:19  Drone  
  117  9:20  Drone  
  119  9:33  Nydus Canal  
  119  9:35  Zergling x10  
  119  9:36  Zergling x8  
  128  9:46  Zergling x4  
  128  9:47  Drone x5  
  135  10:01  Hatchery  
  112  10:21  Mutalisk  
  112  10:22  Mutalisk x5  
  112  10:24  Drone  
  112  10:25  Drone x2  
  127  10:42  Nydus Canal  
  108  10:53  Mutalisk x3  
  114  11:11  Mutalisk x4  
  112  11:12  Mutalisk  
  84  11:50  Hatchery  
  79  12:02  Nydus Canal  
  79  12:04  Drone x3, Hatchery  
  79  12:05  Drone x2  
  79  12:06  Drone  
  81  12:28  Hatchery  
Tags
 
Add a new tag
Caveats
  • Supply blocks, unpowered buildings, or Contaminate may cause inaccurate times.
  • Supply counts are checked every 10 seconds.